| TOP OF THE 1ST |
|
Biloxi Shuckers batting - Pitching for San Jose Giants : LHP Mike del Rio
|
|
Pitching: LHP Mike del Rio
|
|
|
Batting: SHB Mike Williams
|
0-0: Swinging Strike 0-1: Swinging Strike 0-2: Ball 1-2: Strikes out swinging
|
|
Batting: RHB Cameron Rattenbury
|
0-0: Ball 1-0: Swinging Strike 1-1: Called Strike 1-2: Fly out, F8 (Flyball, 8RD, EV 85.6 MPH)
|
|
Batting: RHB Josh Nelson
|
0-0: Ball 1-0: Ball 2-0: Ball 3-0: Called Strike 3-1: Base on Balls
|
|
Batting: RHB Steve Byerly
|
0-0: Swinging Strike 0-1: Swinging Strike 0-2: Ball 1-2: Ground out 4-3 (Groundball, 34, EV 105.6 MPH)
|
| Top of the 1st over - 0 runs, 0 hits, 0 errors, 1 left on base; Biloxi 0 - San Jose 0 |
| BOTTOM OF THE 1ST |
|
San Jose Giants batting - Pitching for Biloxi Shuckers : RHP Junzo Yanagisawa
|
|
Pitching: RHP Junzo Yanagisawa
|
|
|
Batting: RHB Miguel Gonzalez
|
0-0: Ball 1-0: SINGLE (Groundball, 34D, EV 108.1 MPH)
|
|
Batting: RHB Chris King
|
0-0: Called Strike 0-1: Called Strike 0-2: Ball 1-2: Ball 2-2: Fly out, F9 (Flyball, 9LS, EV 94.4 MPH)
|
|
Batting: LHB Jared Paige
|
0-0: Called Strike 0-1: Called Strike 0-2: Foul Ball, location: 2F 0-2: Ball 1-2: Strikes out swinging
|
|
Batting: RHB Mike Buchanan
|
0-0: Swinging Strike 0-1: Foul Ball, location: 2F 0-2: Foul Ball, location: 2F 0-2: Strikes out looking
|
| Bottom of the 1st over - 0 runs, 1 hit, 0 errors, 1 left on base; Biloxi 0 - San Jose 0 |
| TOP OF THE 2ND |
|
Biloxi Shuckers batting - Pitching for San Jose Giants : LHP Mike del Rio
|
|
Batting: RHB Matthew Adams
|
0-0: Ball 1-0: Foul Ball, location: 2F 1-1: Swinging Strike 1-2: Fly out, F6 (Popup, 6S, EV 72.5 MPH)
|
|
Batting: RHB Brian Landrum
|
0-0: Called Strike 0-1: SINGLE (Line Drive, 9S, EV 98.8 MPH)
|
|
Batting: RHB Skyler Goss
|
0-0: Ball 1-0: Ball 2-0: Swinging Strike 2-1: Foul Ball, location: 2F 2-2: Fly out, F3 (Popup, 3S, EV 80.6 MPH)
|
|
Batting: RHB Leo Serrano
|
0-0: Foul Ball, location: 2F 0-1: Ball 1-1: Foul Ball, location: 2F 1-2: Ball 2-2: Strikes out swinging
|
| Top of the 2nd over - 0 runs, 1 hit, 0 errors, 1 left on base; Biloxi 0 - San Jose 0 |
| BOTTOM OF THE 2ND |
|
San Jose Giants batting - Pitching for Biloxi Shuckers : RHP Junzo Yanagisawa
|
|
Batting: RHB Sadataka Kuwahara
|
0-0: Called Strike 0-1: Ball 1-1: Swinging Strike 1-2: Strikes out swinging
|
|
Batting: LHB Juan Gonzalez
|
0-0: Called Strike 0-1: Ball 1-1: Ball 2-1: Swinging Strike 2-2: Foul Ball, location: 2F 2-2: Strikes out swinging
|
|
Batting: RHB Yutaka Oki
|
0-0: Ball 1-0: SINGLE (Groundball, 56D, EV 107.5 MPH)
|
|
Batting: RHB Dinand Brouwer
|
0-0: Called Strike 0-1: Called Strike 0-2: Ball 1-2: Fly out, F3 (Line Drive, 3L, EV 61.9 MPH)
|
| Bottom of the 2nd over - 0 runs, 1 hit, 0 errors, 1 left on base; Biloxi 0 - San Jose 0 |
| TOP OF THE 3RD |
|
Biloxi Shuckers batting - Pitching for San Jose Giants : LHP Mike del Rio
|
|
Batting: SHB Robert Sayer
|
0-0: Swinging Strike 0-1: SINGLE (Groundball, 6D, EV 96.9 MPH)
|
|
Batting: SHB Mike Williams
|
0-0: Ball 1-0: Ball 2-0: Fielders Choice at 2nd, 6-4 (Groundball, 6, EV 103.8 MPH)
|
|
Batting: RHB Cameron Rattenbury
|
0-0: Called Strike 0-1: Ball 1-1: Foul Ball, location: 2F 1-2: Strikes out looking
|
|
Batting: RHB Josh Nelson
|
0-0: Called Strike 0-1: Foul Ball, location: 2F 0-2: Hit by Pitch Mike Williams to second
|
|
Batting: RHB Steve Byerly
|
0-0: Ball 1-0: Foul Ball, location: 2F 1-1: Fly out, F7 (Flyball, 7, EV 78.8 MPH)
|
| Top of the 3rd over - 0 runs, 1 hit, 0 errors, 2 left on base; Biloxi 0 - San Jose 0 |
| BOTTOM OF THE 3RD |
|
San Jose Giants batting - Pitching for Biloxi Shuckers : RHP Junzo Yanagisawa
|
|
Batting: RHB Drew Duncan
|
0-0: Fly out, F7 (Flyball, 7, EV 91.9 MPH)
|
|
Batting: RHB Miguel Gonzalez
|
0-0: Ball 1-0: Foul Ball, location: 2F 1-1: Foul Ball, location: 2F 1-2: Ball 2-2: Ball 3-2: Ground out 6-3 (Groundball, 6, EV 102.5 MPH)
|
|
Batting: RHB Chris King
|
0-0: Ball 1-0: Ball 2-0: Called Strike 2-1: Foul Ball, location: 2F 2-2: Ball 3-2: Base on Balls
|
|
Batting: LHB Jared Paige
|
0-0: Ball 1-0: Foul Ball, location: 2F 1-1: Ground out 6-3 (Groundball, 6S, EV 76.2 MPH)
|
| Bottom of the 3rd over - 0 runs, 0 hits, 0 errors, 1 left on base; Biloxi 0 - San Jose 0 |
| TOP OF THE 4TH |
|
Biloxi Shuckers batting - Pitching for San Jose Giants : LHP Mike del Rio
|
|
Batting: RHB Matthew Adams
|
0-0: Called Strike 0-1: Ball 1-1: Foul Ball, location: 2F 1-2: Strikes out swinging
|
|
Batting: RHB Brian Landrum
|
0-0: Ground out 4-3 (Groundball, 4M, EV 101.9 MPH)
|
|
Batting: RHB Skyler Goss
|
0-0: Ball 1-0: Called Strike 1-1: Swinging Strike 1-2: Fly out, F9 (Flyball, 89S, EV 85.6 MPH)
|
| Top of the 4th over - 0 runs, 0 hits, 0 errors, 0 left on base; Biloxi 0 - San Jose 0 |
| BOTTOM OF THE 4TH |
|
San Jose Giants batting - Pitching for Biloxi Shuckers : RHP Junzo Yanagisawa
|
|
Batting: RHB Mike Buchanan
|
0-0: Foul Ball, location: 2F 0-1: Ball 1-1: Ball 2-1: Ball 3-1: Foul Ball, location: 2F 3-2: Strikes out swinging
|
|
Batting: RHB Sadataka Kuwahara
|
0-0: TRIPLE (Line Drive, 78XD, EV 98.8 MPH)
|
|
Batting: LHB Juan Gonzalez
|
0-0: Ball 1-0: Foul Ball, location: 2F 1-1: Foul Ball, location: 2F 1-2: Foul Ball, location: 2F 1-2: Ball 2-2: Ball 3-2: Ground out 4-3 (Groundball, 4, EV 81.2 MPH)
|
|
Batting: RHB Yutaka Oki
|
0-0: Ball 1-0: Ball 2-0: DOUBLE (Flyball, 78XD, EV 105.6 MPH) Sadataka Kuwahara scores
|
|
Batting: RHB Dinand Brouwer
|
0-0: Called Strike 0-1: Ball 1-1: Fly out, F9 (Flyball, 9, EV 78.8 MPH)
|
| Bottom of the 4th over - 1 run, 2 hits, 0 errors, 1 left on base; Biloxi 0 - San Jose 1 |
| TOP OF THE 5TH |
|
Biloxi Shuckers batting - Pitching for San Jose Giants : LHP Mike del Rio
|
|
Batting: RHB Leo Serrano
|
0-0: Ball 1-0: Ball 2-0: Called Strike 2-1: Ball 3-1: SINGLE (Groundball, 5D, EV 96.2 MPH)
|
|
Batting: SHB Robert Sayer
|
0-0: Ball 1-0: Ground out 4-3 (Groundball, 34, EV 103.8 MPH) Leo Serrano to second
|
|
Batting: SHB Mike Williams
|
0-0: Foul Ball, location: 2F 0-1: Ball 1-1: Swinging Strike 1-2: Ball 2-2: Ball 3-2: Base on Balls
|
|
Batting: RHB Cameron Rattenbury
|
0-0: Ball 1-0: Called Strike Leo Serrano is caught stealing 3rd base 2-5 1-1: Foul Ball, location: 2F 1-2: Strikes out swinging
|
| Top of the 5th over - 0 runs, 1 hit, 0 errors, 1 left on base; Biloxi 0 - San Jose 1 |
| BOTTOM OF THE 5TH |
|
San Jose Giants batting - Pitching for Biloxi Shuckers : RHP Junzo Yanagisawa
|
|
Batting: RHB Drew Duncan
|
0-0: Fly out, F9 (Flyball, 9, EV 84.4 MPH)
|
|
Batting: RHB Miguel Gonzalez
|
0-0: Ball 1-0: Ball 2-0: Called Strike 2-1: Ball 3-1: Ground out 4-3 (Groundball, 4S, EV 68.8 MPH)
|
|
Batting: RHB Chris King
|
0-0: Called Strike 0-1: Ball 1-1: Ball 2-1: Foul Ball, location: 2F 2-2: Hit by Pitch
|
|
Batting: LHB Jared Paige
|
0-0: Called Strike 0-1: DOUBLE (Line Drive, 9LS, EV 107.5 MPH) Chris King to third
|
|
Batting: RHB Mike Buchanan
|
0-0: Ground out 4-3 (Groundball, 4M, EV 88.1 MPH)
|
| Bottom of the 5th over - 0 runs, 1 hit, 0 errors, 2 left on base; Biloxi 0 - San Jose 1 |
| TOP OF THE 6TH |
|
Biloxi Shuckers batting - Pitching for San Jose Giants : LHP Mike del Rio
|
|
Batting: RHB Josh Nelson
|
0-0: Foul Ball, location: 2F 0-1: Swinging Strike 0-2: Ball 1-2: Fly out, F9 (Flyball, 9LMF, EV 90.0 MPH)
|
|
Batting: RHB Steve Byerly
|
0-0: Ball 1-0: Called Strike 1-1: Foul Ball, location: 2F 1-2: Ball 2-2: Foul Ball, location: 2F 2-2: Ball 3-2: Strikes out swinging
|
|
Batting: RHB Matthew Adams
|
0-0: Ball 1-0: Called Strike 1-1: Fly out, F7 (Line Drive, 78M, EV 91.9 MPH)
|
| Top of the 6th over - 0 runs, 0 hits, 0 errors, 0 left on base; Biloxi 0 - San Jose 1 |
| BOTTOM OF THE 6TH |
|
San Jose Giants batting - Pitching for Biloxi Shuckers : RHP Junzo Yanagisawa
|
|
Batting: RHB Sadataka Kuwahara
|
0-0: Foul Ball, location: 2F 0-1: Ball 1-1: Called Strike 1-2: Foul Ball, location: 2F 1-2: Strikes out swinging
|
|
Pitching: LHP Billy Rojas
|
|
|
Batting: LHB Juan Gonzalez
|
0-0: Ball 1-0: Foul Ball, location: 2F 1-1: Ball 2-1: Ball 3-1: Base on Balls
|
|
Batting: RHB Yutaka Oki
|
0-0: Called Strike 0-1: Swinging Strike 0-2: Ball 1-2: Foul Ball, location: 2F 1-2: SINGLE (Flyball, 7LS, EV 96.2 MPH) Juan Gonzalez to second
|
|
Pinch Runner at 2nd Tony Galvan:
|
|
|
Batting: RHB Dinand Brouwer
|
0-0: Ball 1-0: Ball 2-0: Swinging Strike 2-1: Ball 3-1: Foul Ball, location: 2F 3-2: Base on Balls Tony Galvan to third Yutaka Oki to second
|
|
Batting: RHB Drew Duncan
|
0-0: Called Strike 0-1: Foul Ball, location: 2F 0-2: Strikes out looking
|
|
Batting: RHB Miguel Gonzalez
|
0-0: Called Strike 0-1: Ball 1-1: Swinging Strike 1-2: Strikes out swinging
|
| Bottom of the 6th over - 0 runs, 1 hit, 0 errors, 3 left on base; Biloxi 0 - San Jose 1 |
| TOP OF THE 7TH |
|
Biloxi Shuckers batting - Pitching for San Jose Giants : LHP Mike del Rio
|
|
Now in LF: Mike Buchanan
|
|
|
Now in RF: Tony Galvan
|
|
|
Batting: RHB Brian Landrum
|
0-0: Foul Ball, location: 2F 0-1: Fly out, F8 (Flyball, 8LD, EV 98.8 MPH)
|
|
Batting: RHB Skyler Goss
|
0-0: Foul Ball, location: 2F 0-1: Ball 1-1: Ball 2-1: Called Strike 2-2: Ball 3-2: Ground out 6-3 (Groundball, 6, EV 102.5 MPH)
|
|
Batting: RHB Leo Serrano
|
0-0: Ball 1-0: Ground out 4-3 (Groundball, 4, EV 80.0 MPH)
|
| Top of the 7th over - 0 runs, 0 hits, 0 errors, 0 left on base; Biloxi 0 - San Jose 1 |
| BOTTOM OF THE 7TH |
|
San Jose Giants batting - Pitching for Biloxi Shuckers : LHP Billy Rojas
|
|
Batting: RHB Chris King
|
0-0: Fly out, F8 (Line Drive, 8LD, EV 88.1 MPH)
|
|
Batting: LHB Jared Paige
|
0-0: Called Strike 0-1: Ball 1-1: Ball 2-1: Foul Ball, location: 2F 2-2: Foul Ball, location: 2F 2-2: Ball 3-2: Fly out, F8 (Flyball, 78D, EV 104.4 MPH)
|
|
Batting: RHB Mike Buchanan
|
0-0: Swinging Strike 0-1: Ball 1-1: SINGLE (Groundball, 34D, EV 98.1 MPH)
|
|
Batting: RHB Sadataka Kuwahara
|
0-0: Swinging Strike 0-1: Called Strike 0-2: Ball 1-2: Foul Ball, location: 2F 1-2: Ball 2-2: Foul Ball, location: 2F 2-2: Foul Ball, location: 2F 2-2: Foul Ball, location: 2F 2-2: Foul Ball, location: 2F 2-2: Fly out, F9 (Flyball, 9D, EV 105.0 MPH)
|
| Bottom of the 7th over - 0 runs, 1 hit, 0 errors, 1 left on base; Biloxi 0 - San Jose 1 |
| TOP OF THE 8TH |
|
Biloxi Shuckers batting - Pitching for San Jose Giants : LHP Mike del Rio
|
|
Pitching: RHP Takashi Kino
|
|
|
Now at 1B: Pong-keun Koh
|
|
|
Batting: SHB Robert Sayer
|
0-0: Swinging Strike 0-1: Ball 1-1: Foul Ball, location: 2F 1-2: Ground out 4-3 (Groundball, 4, EV 85.6 MPH)
|
|
Batting: SHB Mike Williams
|
0-0: Ball 1-0: Ball 2-0: Ball 3-0: Fly out, F7 (Flyball, 7LS, EV 96.2 MPH)
|
|
Batting: RHB Cameron Rattenbury
|
0-0: TRIPLE (Line Drive, 8RXD, EV 97.5 MPH)
|
|
Batting: RHB Josh Nelson
|
0-0: Foul Ball, location: 2F 0-1: Called Strike 0-2: Ball 1-2: Strikes out swinging
|
| Top of the 8th over - 0 runs, 1 hit, 0 errors, 1 left on base; Biloxi 0 - San Jose 1 |
| BOTTOM OF THE 8TH |
|
San Jose Giants batting - Pitching for Biloxi Shuckers : LHP Billy Rojas
|
|
Pitching: RHP Jim Strickland
|
|
|
Batting: LHB Tony Galvan
|
0-0: Swinging Strike 0-1: Fly out, F1 (Popup, 15, EV 75.6 MPH)
|
|
Batting: RHB Yutaka Oki
|
0-0: Called Strike 0-1: Ball 1-1: SINGLE (Line Drive, 89S, EV 111.9 MPH)
|
|
Batting: RHB Dinand Brouwer
|
0-0: Called Strike 0-1: Swinging Strike 0-2: Strikes out swinging
|
|
Batting: RHB Drew Duncan
|
0-0: Ball 1-0: Ball 2-0: Called Strike 2-1: Foul Ball, location: 2F 2-2: Strikes out swinging
|
| Bottom of the 8th over - 0 runs, 1 hit, 0 errors, 1 left on base; Biloxi 0 - San Jose 1 |
| TOP OF THE 9TH |
|
Biloxi Shuckers batting - Pitching for San Jose Giants : RHP Takashi Kino
|
|
Pitching: LHP Caleb Mullinax
|
|
|
Batting: RHB Steve Byerly
|
0-0: Foul Ball, location: 2F 0-1: Hit by Pitch
|
|
Batting: RHB Matthew Adams
|
0-0: Ball 1-0: Ball 2-0: Called Strike 2-1: Called Strike 2-2: SINGLE (Groundball, 56D, EV 97.5 MPH) Steve Byerly to second
|
|
Pinch Runner at 2nd Vinny Estrada:
|
|
|
Batting: RHB Brian Landrum
|
0-0: Swinging Strike 0-1: Ball 1-1: Swinging Strike 1-2: Ball 2-2: Fly out, F5 (Line Drive, 5L, EV 73.8 MPH)
|
|
Batting: RHB Skyler Goss
|
0-0: SINGLE (Groundball, 6M, EV 94.4 MPH) Vinny Estrada to third Matthew Adams to second Runner from 3rd tries for Home, SAFE, throw by CF to home
|
|
Batting: RHB Leo Serrano
|
0-0: Called Strike 0-1: Ball 1-1: Ball 2-1: Foul Ball, location: 2F 2-2: Ball Wild Pitch! Matthew Adams to third Skyler Goss to second 3-2: Base on Balls
|
|
Batting: SHB Robert Sayer
|
0-0: DOUBLE (Groundball, 3L, EV 103.1 MPH) Matthew Adams scores Skyler Goss scores Leo Serrano to third
|
|
Batting: SHB Mike Williams
|
0-0: Ball 1-0: Called Strike 1-1: Ground out 6-3 (Groundball, 6, EV 80.6 MPH) Leo Serrano scores Robert Sayer to third
|
|
Pitching: RHP Lorenzo Merjil
|
|
|
Batting: RHB Cameron Rattenbury
|
0-0: Fly out, F8 (Flyball, 78M, EV 86.9 MPH)
|
| Top of the 9th over - 4 runs, 3 hits, 0 errors, 1 left on base; Biloxi 4 - San Jose 1 |
| BOTTOM OF THE 9TH |
|
San Jose Giants batting - Pitching for Biloxi Shuckers : RHP Jim Strickland
|
|
Pitching: RHP Elijah Seabrooks
|
|
|
Now at 1B: Vinny Estrada
|
|
|
Batting: RHB Miguel Gonzalez
|
0-0: Ball 1-0: Foul Ball, location: 2F 1-1: Foul Ball, location: 2F 1-2: Foul Ball, location: 2F 1-2: Ball 2-2: Strikes out swinging
|
|
Batting: LHB Pong-keun Koh
|
0-0: Ball 1-0: Swinging Strike 1-1: Ground out 1-3 (Groundball, 13, EV 65.0 MPH)
|
|
Batting: LHB Jared Paige
|
0-0: Called Strike 0-1: Ground out 6-3 (Groundball, 6S, EV 91.2 MPH)
|
| Bottom of the 9th over - 0 runs, 0 hits, 0 errors, 0 left on base; Biloxi 4 - San Jose 1 |
|